 Dungeon Sprint DCSS version 0.20-a0-303-g575bbf7 (webtiles) character file.

14195 profreshinal the Brawler (level 11, -8/120 HPs)
             Began as a Troll Chaos Knight on Dec 17, 2016.
             Mangled by a flail of crushing (11 damage)
             ... in the Dungeon (Sprint III: "The Ten Rune Challenge").
             The game lasted 00:26:00 (2156 turns).

profreshinal the Brawler (Troll Chaos Knight)       Turns: 2156, Time: 00:26:01

Health: -8/120     AC:  9    Str: 25    XL:     11   Next: 85%
Magic:  10/10      EV: 14    Int:  8    God:    Xom [...*..]
Gold:   2513       SH:  0    Dex:  9    Spells: 10/10 levels left

rFire  . . .     SeeInvis +       - Unarmed
rCold  . . .     Gourm    +     s - +1 robe {rN+}
rNeg   + . .     Faith    .     (no shield)
rPois  .         Spirit   .     (helmet restricted)
rElec  .         Reflect  .     (no cloak)
rCorr  .         Harm     .     (gloves unavailable)
MR     .....     NoTele   +     (boots unavailable)
Stlth  ++++......               (no amulet)
                                (no ring)
                                (no ring)

@: no status effects
A: unfitting armour, claws 3, iridescent scales 1, rugged brown scales 1, see
invisible, fast metabolism 3, gourmand, regeneration 1, shaggy fur 1, tough skin
2
a: Renounce Religion


You were in the Dungeon.
You worshipped Xom.
You were a favourite toy of Xom.
You were full.

You visited 1 branch You collected 2629 gold pieces.
You spent 116 gold pieces at shops.

Inventory:

Armour
 s - a +1 robe of positive energy (worn)
Wands
 c - a wand of random effects (20/48)
 r - a wand of iceblast (3/15)
Scrolls
 i - 2 scrolls of identify
 k - a scroll of holy word {unknown}
 l - 3 scrolls of remove curse
 p - a scroll of immolation {unknown}
Potions
 e - a potion of haste
 f - 2 potions of magic
 n - 3 potions of cure mutation
 o - a potion of lignification {unknown}
 q - 2 potions of flight {unknown}
Books
 j - a book of Minor Magic

   Spells                             Type                      Level
   a - Magic Dart                     Conjuration                  1
   b - Blink                          Translocation                2
   c - Call Imp                       Summoning                    2
   d - Repel Missiles                 Charms/Air                   2
   e - Slow                           Hexes                        2
   f - Conjure Flame                  Conjuration/Fire             3
   g - Mephitic Cloud                 Conjuration/Poison/Air       3
Comestibles
 a - 4 fruits
 b - 3 bread rations
 m - 24 royal jellies


   Skills:
 + Level 10.0 Fighting
 + Level 10.0 Dodging
 + Level 8.4 Stealth
 + Level 20.6 Unarmed Combat
 + Level 1.0 Evocations


You had 10 spell levels left.
You didn't know any spells.

Dungeon Overview and Level Annotations

Branches:
Dungeon (1/1)

Altars:
Cheibriados
Dithmenos
Elyvilon
Fedhas
Gozag
Hepliaklqana
Kikubaaqudgha
Makhleb
Nemelex Xobeh
Okawaru
Qazlal
Ru
Sif Muna
Trog
Uskayaw
Vehumet
Xom
Yredelemnul
Zin
The Shining One
Beogh
Jiyva
Lugonu

Shops:
D [

Annotations:
D exclusion: orange crystal statue


Innate Abilities, Weirdness & Mutations

You are too large for most types of armour.
You have claws for hands.
Your metabolism is lightning-fast.
You like to eat raw meat.
Your natural rate of healing is unusually fast.
You are covered in fur. (AC +1)
You have very tough skin. (AC +2)
You are partially covered in iridescent scales. (AC +2)
You are partially covered in rugged brown scales. (AC +1, +3% HP)
You have supernaturally acute eyesight. (SInv)


Message History

Your Dodging skill increases to level 10!
The flail of crushing hits you!
There is an open door to the Hall of Blades, spattered with blood here.
Things that are here:
+0 fire dragon scales; a fire dragon corpse The flail of crushing hits you but does no damage.
You closely miss the flail of crushing.
The flail of crushing closely misses you.
The halberd of flaming hits you from afar!
The halberd of flaming burns you. The flail of crushing hits you.
The flail of crushing hits you!
* * * LOW HITPOINT WARNING * * *
x2 The halberd of flaming hits you from afar!
* * * LOW HITPOINT WARNING * * *
The halberd of flaming burns you.
* * * LOW HITPOINT WARNING * * *
The flail of crushing hits you!
You die...
Xom roars with laughter! ≈≈# u C §≈# y ≈§§ c Q J §§§ ############ ≈≈§ #(..#[..#).# PPPP

###≈§ #...#...#..# c
§§#c≈ ##'###'##..# P
P §§# ###.)...(.'..#
P §§+ ##.#.#####@####
#######..).#...((#[.#
uP
......'..#######('..#
..########..c..#.####
### #..#..#.#..# #8
(#.#.#.#.'..# u ..
#...(.#.#..# §§#
#.....#.#..'.. §.#
#.[.# .#...


You could see 2 dancing weapons.

Vanquished Creatures
  Dowan (D)
  Josephine (D)
  A fire dragon (D)
  A yaktaur captain (D)
  2 dancing weapons (D)
  2 centaur warriors (D)
  2 unseen horrors (D)
  2 deep elf magi (D)
  A shining eye (shapeshifter) (D)
  An eye of devastation (shapeshifter) (D)
  Duvessa (D)
  A queen bee (D)
  3 wandering mushrooms (D)
  2 spriggan defenders (D)
  A slime creature (D)
  A shadow (D)
  A spatial vortex (D)
  A floating eye (shapeshifter) (D)
  6 orc warriors (D)
  A necrophage (D)
  2 centaurs (D)
  An earth elemental (D)
  A water elemental (D)
  20 killer bees (D)
  A jelly (D)
  A wizard (D)
  An orc priest (D)
  Jessica (D)
  A necromancer (D)
  2 orc wizards (D)
  3 humans (D)
  A kobold demonologist (D)
  A wolf (D)
  An ooze (D)
  7 orcs (D)
  2 rats (D)
  A plant (D)
79 creatures vanquished.

Vanquished Creatures (collateral kills)
  A centaur warrior (D)
  4 deep elf magi (D)
  A molten gargoyle (D)
  9 killer bees (D)
  2 orcs (D)
17 creatures vanquished.

Vanquished Creatures (others)
  2 draconian scorchers (D)
  A mummy priest (D)
  2 orc high priests (D)
  6 hellions (D)
  2 yaktaurs (D)
  4 ball lightnings (D)
  A spriggan defender (D)
  3 killer bees (D)
  2 orc priests (D)
  4 ballistomycetes (D)
  5 ballistomycete spores (D)
  A bush (D)
  16 plants (D)
49 creatures vanquished.

Grand Total: 145 creatures vanquished

Notes
Turn   | Place    | Note
-------+----------+-------------------------------------------
     0 | D        | profreshinal the Troll Chaos Knight began the quest for the Orb.
     0 | D        | Reached XP level 1. HP: 22/22 MP: 0/0
    26 | D        | Noticed Jessica
    38 | D        | Killed Jessica
    38 | D        | Reached skill level 5 in Unarmed Combat
    38 | D        | Reached XP level 2. HP: 29/32 MP: 1/1
    38 | D        | Reached XP level 3. HP: 35/39 MP: 2/2
   101 | D        | Killed a hellion
   103 | D        | Gained mutation: You are partially covered in rugged brown scales. (AC +1, +3% HP) [potion of mutation]
   103 | D        | Gained mutation: You are agile. (Dex +2) [potion of mutation]
   103 | D        | Lost mutation: You are agile. (Dex +2) [potion of mutation]
   104 | D        | Gained mutation: You are clumsy. (Dex -2) [potion of mutation]
   104 | D        | Lost mutation: You are clumsy. (Dex -2) [potion of mutation]
   104 | D        | Gained mutation: You are partially covered in iridescent scales. (AC +2) [potion of mutation]
   109 | D        | Noticed a water elemental
   109 | D        | XOM: potion effect (curing)
   115 | D        | Killed a water elemental
   115 | D        | Reached skill level 5 in Fighting
   115 | D        | Reached skill level 7 in Unarmed Combat
   115 | D        | Reached XP level 4. HP: 51/51 MP: 3/3
   121 | D        | Found a radiant altar of Vehumet.
   122 | D        | Found a deep blue altar of Sif Muna.
   122 | D        | Found an ancient bone altar of Kikubaaqudgha.
   122 | D        | Noticed a wizard
   126 | D        | Reached XP level 5. HP: 58/58 MP: 4/4
   144 | D        | Found a glowing silver altar of Zin.
   145 | D        | Found a glowing golden altar of the Shining One.
   145 | D        | Found a white marble altar of Elyvilon.
   145 | D        | Noticed a deep elf mage
   146 | D        | XOM: enchant monster (good)
   151 | D        | Killed a deep elf mage
   151 | D        | Reached skill level 5 in Dodging
   151 | D        | Reached skill level 10 in Unarmed Combat
   151 | D        | Reached XP level 6. HP: 73/73 MP: 5/5
   151 | D        | Reached XP level 7. HP: 80/80 MP: 6/6
   154 | D        | XOM: give mutations
   154 | D        | Gained mutation: You have supernaturally acute eyesight. (SInv) [Xom's mischief]
   159 | D        | Found a hide-covered altar of Uskayaw.
   159 | D        | Found an iron altar of Okawaru.
   160 | D        | Found a roughly hewn altar of Beogh.
   160 | D        | Found a bloodstained altar of Trog.
   160 | D        | Noticed a human
   160 | D        | Noticed a human
   165 | D        | Killed a human
   165 | D        | Reached skill level 11 in Unarmed Combat
   172 | D        | Killed a human
   178 | D        | Killed a hellion
   178 | D        | Killed a hellion
   178 | D        | Killed a hellion
   179 | D        | Killed a hellion
   186 | D        | Found a shadowy altar of Dithmenos.
   192 | D        | Found a basalt altar of Yredelemnul.
   192 | D        | Found a sacrificial altar of Ru.
   210 | D        | Noticed a shadow
   213 | D        | Killed a hellion
   218 | D        | Killed a shadow
   218 | D        | Reached skill level 12 in Unarmed Combat
   218 | D        | Reached XP level 8. HP: 90/91 MP: 7/7
   230 | D        | Found a blossoming altar of Fedhas.
   230 | D        | Found a stormy altar of Qazlal.
   230 | D        | Found a snail-covered altar of Cheibriados.
   230 | D        | Found a burning altar of Makhleb.
   230 | D        | Found a shimmering altar of Xom.
   231 | D        | Found a hazy altar of Hepliaklqana.
   231 | D        | Found an opulent altar of Gozag.
   231 | D        | Found a sparkling altar of Nemelex Xobeh.
   231 | D        | Found a corrupted altar of Lugonu.
   231 | D        | Found a viscous altar of Jiyva.
   231 | D        | XOM: summons 2 friendly demons
   251 | D        | Noticed Josephine
   253 | D        | Killed a white draconian scorcher
   256 | D        | Killed Josephine
   256 | D        | Reached skill level 13 in Unarmed Combat
   256 | D        | Reached XP level 9. HP: 100/100 MP: 8/8
   267 | D        | Reached skill level 5 in Stealth
   272 | D        | Noticed a centaur warrior
   276 | D        | Killed a centaur warrior
   276 | D        | Reached skill level 14 in Unarmed Combat
   300 | D        | Found Veasinomul's Armour Shoppe.
   301 | D        | Noticed an orc high priest
   312 | D        | XOM: enchant monster (good)
   343 | D        | Reached skill level 15 in Unarmed Combat
   372 | D        | XOM: confuse monster(s)
   380 | D        | Killed a white draconian scorcher
   394 | D        | Bought a +1 robe of positive energy for 116 gold pieces
   455 | D        | XOM: mild Fire miscast
   460 | D        | Noticed a deep elf mage
   460 | D        | Noticed a deep elf mage
   460 | D        | Noticed a deep elf mage
   460 | D        | Noticed a deep elf mage
   460 | D        | Noticed a deep elf mage
   472 | D        | XOM: cast spell 'Conjure Ball Lightning'
   481 | D        | Killed a deep elf mage
   481 | D        | Reached XP level 10. HP: 48/110 MP: 9/9
   483 | D        | XOM: cast spell 'Summon Hydra'
   485 | D        | Killed a deep elf mage
   485 | D        | Reached skill level 16 in Unarmed Combat
   487 | D        | Killed a deep elf mage
   489 | D        | Killed a deep elf mage
   495 | D        | Killed a deep elf mage
   602 | D        | Noticed a deep elf high priest
   607 | D        | Noticed a deep elf mage
   685 | D        | Noticed a deep elf demonologist
   731 | D        | Noticed an unseen horror
   732 | D        | Killed an unseen horror
   733 | D        | Noticed an unseen horror
   744 | D        | Killed an unseen horror
   744 | D        | Reached skill level 17 in Unarmed Combat
   788 | D        | XOM: summons friendly quasit
   790 | D        | XOM: harmless Hex miscast
   817 | D        | XOM: potion effect (might)
   847 | D        | XOM: summons friendly shadow imp
   866 | D        | XOM: cleaving
   884 | D        | Noticed Dowan
   884 | D        | Noticed Duvessa
   899 | D        | Killed Duvessa
   903 | D        | Killed Dowan
   903 | D        | Reached skill level 18 in Unarmed Combat
   903 | D        | Reached XP level 11. HP: 63/118 MP: 10/10
   919 | D        | XOM: cloud trail
   953 | D        | XOM: confuse monster(s)
  1098 | D        | XOM: divination: detect creatures
  1184 | D        | XOM: harmless Hex miscast
  1357 | D        | Noticed an orange crystal statue
  1425 | D        | Reached skill level 19 in Unarmed Combat
  1610 | D        | Killed a mummy priest
  1626 | D        | Noticed a centaur warrior
  1628 | D        | Killed a centaur warrior
  1652 | D        | Reached skill level 1 in Evocations
  1661 | D        | Noticed a two-headed ogre
  1663 | D        | Noticed a ghost crab
  1663 | D        | a two-headed ogre changed into a ghost crab
  1665 | D        | XOM: noise
  1669 | D        | Noticed a centaur warrior
  1672 | D        | Noticed a shining eye
  1672 | D        | a slime creature changed into a shining eye
  1672 | D        | XOM: polymorph slime creature -> shining eye
  1674 | D        | a ghost crab changed into a swamp worm
  1686 | D        | Killed a shining eye
  1687 | D        | Noticed a shining eye
  1687 | D        | Noticed a two-headed ogre
  1687 | D        | a shining eye changed into a two-headed ogre
  1688 | D        | XOM: enchant monster (good)
  1709 | D        | Noticed a halberd of flaming
  1709 | D        | Noticed a flail of crushing
  1709 | D        | Noticed a long sword of slicing
  1712 | D        | Noticed an anaconda
  1712 | D        | a two-headed ogre changed into an anaconda
  1713 | D        | Noticed a battleaxe of chopping
  1713 | D        | Noticed an ice dragon
  1713 | D        | an anaconda changed into an ice dragon
  1717 | D        | Noticed a fire dragon
  1717 | D        | an ice dragon changed into a fire dragon
  1718 | D        | XOM: fog
  1719 | D        | XOM: god gift: 24 bolts
  1730 | D        | Killed a long sword of slicing
  1799 | D        | XOM: god gift: 14 stones
  1803 | D        | HP: 5/120 [centaur warrior/arrow (12)]
  1804 | D        | XOM: scenery: create altars
  1806 | D        | Killed a centaur warrior
  1990 | D        | XOM: cloud trail
  2011 | D        | XOM: summons friendly iron imp
  2016 | D        | Noticed a yaktaur captain
  2034 | D        | Killed a yaktaur captain
  2034 | D        | Reached skill level 20 in Unarmed Combat
  2133 | D        | Killed a battleaxe of chopping
  2133 | D        | Reached skill level 10 in Fighting
  2143 | D        | Noticed a fire dragon
  2146 | D        | Killed a fire dragon
  2146 | D        | Reached skill level 10 in Dodging
  2154 | D        | HP: 2/120 [halberd of flaming (6)]
  2156 | D        | Mangled by a flail of crushing

Vault maps used:
D:        dungeon_sprint_mu

Skill      XL: |  1  2  3  4  5  6  7  8  9 10 11 |
---------------+----------------------------------+-----
Fighting       | 3 5 7 8 9 10 | 10.0
Dodging        | 2 3 4 5 6 7 8 10 | 10.0
Unarmed Combat | 5 7 10 12 13 15 18 20 | 20.6
Stealth        | 3 4 6 7 8 |  8.4
Evocations     | 1 |  1.0

Action                   |  1- 3 |  4- 6 |  7- 9 | 10-12 || total
-------------------------+-------+-------+-------+-------++-------
Melee: Unarmed           |    34 |    13 |    90 |   153 ||   290
       Punch             |     1 |       |     3 |    12 ||    16
Evoke: Wand              |       |       |       |     1 ||     1
  Use: Potion            |     3 |       |       |     3 ||     6
       Scroll            |       |       |     1 |     1 ||     2
 Stab: Sleeping          |     1 |     1 |     4 |     3 ||     9
       Petrified         |       |     3 |       |       ||     3
       Confused          |       |       |     2 |       ||     2
       Distracted        |       |       |       |     1 ||     1
  Eat: Chunk             |     6 |       |     3 |    12 ||    21
Armor: Robe              |     9 |     2 |    13 |    28 ||    52
Dodge: Dodged            |    14 |     4 |    22 |    58 ||    98
